 Dungeon Crawl Stone Soup version 0.28-a0-265-g048bc9fd10 (webtiles) character file.

Game seed: 5824369132139351738

3577 tatocazan the Covert (level 9, -5/41 HPs)
             Began as a Spriggan Brigand on Aug 28, 2021.
             Was a Follower of Uskayaw.
             Slain by Dowan (15 damage)
             ... on level 7 of the Dungeon.
             The game lasted 00:14:58 (12169 turns).

tatocazan the Covert (Spriggan Brigand)            Turns: 12169, Time: 00:14:59

Health: -5/41      AC:  4    Str: 13    XL:     9   Next: 84%
Magic:  19/19      EV: 16    Int: 12    God:    Uskayaw [*.....]
Gold:   403        SH:  0    Dex: 20    Spells: 8/8 levels left

rFire   . . .      SeeInvis +   h - +2 dagger (venom)
rCold   . . .      Faith    .   (shield restricted)
rNeg    . . .      Spirit   .   p - +2 robe {Will+}
rPois   .          Reflect  .   (helmet restricted)
rElec   .          Harm     .   t - scarf {+Inv}
rCorr   .          Rampage  .   (gloves unavailable)
Will    ++...                   (boots unavailable)
Stlth   ++++++....              (no amulet)
HPRegen 0.13/turn               u - +6 ring of strength
MPRegen 0.16/turn               w - ring of magical power

@: very quick
A: very small, no large weapons, unfitting armour, see invisible, speed 3
a: Renounce Religion, Evoke Invisibility, Stomp


You were on level 7 of the Dungeon.
You worshipped Uskayaw.
Uskayaw was noncommittal.
You visited 2 branches of the dungeon, and saw 8 of its levels.

You collected 403 gold pieces.

Inventory:

Hand Weapons
 h - a +2 dagger of venom (weapon)
Missiles
 d - 37 poisoned darts
 e - 2 curare-tipped darts (quivered)
Armour
 c - a +0 cloak
 p - a +2 robe of willpower (worn)
 t - a scarf of invisibility (worn)
Jewellery
 u - a +6 ring of strength (left hand)
 w - a ring of magical power (right hand)
Wands
 k - a wand of iceblast (16)
Scrolls
 b - a scroll of identify
 f - a scroll of immolation {unknown}
 g - a scroll of vulnerability
 j - 3 scrolls of teleportation
 o - 2 scrolls of amnesia
 r - a scroll of fear {unknown}
Potions
 a - a potion of heal wounds
 i - a potion of resistance
 l - a potion of berserk rage
 m - a potion of attraction {unknown}
 n - 2 potions of curing
 q - 2 potions of flight {unknown}
 s - a potion of cancellation
 v - a potion of magic {unknown}


   Skills:
 - Level 1.5 Fighting
 * Level 11.8 Short Blades
 - Level 2.0 Throwing
 - Level 1.3 Dodging
 + Level 14.4 Stealth
 + Level 0.8 Evocations


You had 8 spell levels left.
You didn't know any spells.
Your spell library contained the following spells:

 Spells                   Type           Power      Damage    Failure   Level
 Freeze                   Ice            0%         1d3       32%         1
 Ensorcelled Hibernation  Hex/Ice        0%         N/A       45%         2
 Static Discharge         Conj/Air       0%         N/A       45%         2
 Conjure Flame            Conj/Fire      0%         6-21      69%         3
 Mephitic Cloud           Conj/Pois/Air  0%         N/A       69%         3


Dungeon Overview and Level Annotations

Branches:
Dungeon (7/15)             Temple (1/1) D:6

Altars:
Ashenzari
Cheibriados
Elyvilon
Fedhas
Gozag
Hepliaklqana
Kikubaaqudgha
Makhleb
Nemelex Xobeh
Okawaru
Qazlal
Ru
Sif Muna
Trog
Uskayaw
Vehumet
Xom
Yredelemnul
The Shining One

Shops:
D:7 ?

Annotations:
D:7 5 runed translucent doors, Dowan


Innate Abilities, Weirdness & Mutations

You are very small and have problems with some larger weapons.
You are too small for most types of armour.
You have supernaturally acute eyesight. (SInv)
You cover ground extremely quickly. (Speed+++)


Message History

Dowan is lightly wounded.
You barely miss Dowan.
Dowan is moderately wounded.
Dowan mumbles some strange words.
Dowan blinks!
No target in view!
Dowan is nearby!
Dowan is nearby!
Dowan closely misses you.
Things that are here:
a +0 short sword; a +0 scale mail; the elf corpse of Duvessa You hit Dowan but do no damage.
Dowan looks as sick as possible!
Dowan is heavily wounded.
Dowan hits you with a +2 dagger of electrocution.
You are electrocuted!
You can no longer pass through a line of other dancers.
You take 13 damage, and have 23/41 hp.
MASSIVE DAMAGE!!
You are too injured to fight recklessly!
You are too injured to fight recklessly!
You are too injured to fight recklessly!
You closely miss Dowan.
Dowan is heavily wounded.
Dowan barely misses you.
You hit Dowan.
Dowan looks as sick as possible!
Dowan is severely wounded.
Dowan hits you with a +2 dagger of electrocution.
You are electrocuted!
* * * LOW HITPOINT WARNING * * *
You take 12 damage, and have 11/41 hp.
MASSIVE DAMAGE!!
You hit Dowan.
Dowan is severely wounded.
You closely miss Dowan.
Dowan is severely wounded.
Dowan barely misses you.
You hit Dowan.
Dowan looks as sick as possible!
Dowan is severely wounded.
Dowan hits you with a +2 dagger of electrocution.
* * * LOW HITPOINT WARNING * * *
You are electrocuted!
You die...

..######.# .####
#........# #
#..####### ####
#.(.. ##>.. ##.#.#
..###.... ##.#.#
#.##..... ##.#.#
#######.##........
##.#.#
#.e.....##.##.....
##.#.# #@#
#.###.... ##.#.###
#.# #.# ##...
##.#...## ###.#
#####.#####)#
##.#.#..# #...#
#.........[..
......#.## #.###
#.###........
#####....# #.#
#............
S.SS##...# #.#
#.###......(.
..S.+##..### #.#
#.# #...†....
....#.##...###.#
#.# #........


You could see Dowan (fast, extremely poisoned).

Vanquished Creatures
  Pikel (D:4)
  Maggie (D:7)
  A wyvern (D:4)
  2 steam dragons
  2 water moccasins
  Duvessa (D:7)
  An orc warrior (D:5)
  2 ice beasts
  3 black bears
  A necrophage (D:7)
  A centaur (D:6)
  2 kobold brigands (D:7)
  A wyvern zombie (D:7)
  A water moccasin skeleton (D:4)
  3 wights
  6 killer bees (D:7)
  A bullfrog zombie (D:7)
  2 centaur zombies (D:5)
  4 jellies (D:6)
  4 hounds
  2 orc priests
  A centaur skeleton (D:6)
  4 iguanas
  2 orc wizards
  2 hound skeletons (D:5)
  A howler monkey skeleton (D:6)
  4 adders
  An ufetubus (D:4)
  An adder skeleton (D:4)
  27 orcs
  4 ball pythons
  3 endoplasms
  4 giant cockroaches
  5 goblins
  6 hobgoblins
  6 jackals (D:1)
  4 quokkas
  8 bats
  2 frilled lizards
  9 kobolds
  2 rats (D:2)
138 creatures vanquished.

Vanquished Creatures (others)
  An orc (D:7)
1 creature vanquished.

Grand Total: 139 creatures vanquished

Notes
Turn   | Place    | Note
-------+----------+-------------------------------------------
     0 | D:1      | tatocazan the Spriggan Brigand began the quest for the Orb.
     0 | D:1      | Reached XP level 1. HP: 10/10 MP: 2/2
    34 | D:1      | Reached skill level 6 in Stealth
    86 | D:1      | Reached XP level 2. HP: 7/14 MP: 3/3
   609 | D:1      | Noticed a golden eye
   610 | D:1      | Found a faded altar of an unknown god.
   614 | D:1      | Noticed a golden eye
   615 | D:1      | Noticed a floating eye
   615 | D:1      | Noticed a great orb of eyes
  1040 | D:1      | Reached XP level 3. HP: 18/18 MP: 4/4
  1927 | D:3      | Found an opulent altar of Gozag.
  1959 | D:3      | Reached skill level 7 in Stealth
  2811 | D:3      | Reached XP level 4. HP: 8/22 MP: 5/5
  2904 | D:3      | Found an ancient bone altar of Kikubaaqudgha.
  3945 | D:4      | Found a shimmering blue altar of Sif Muna.
  4092 | D:4      | Reached skill level 8 in Stealth
  4092 | D:4      | Reached XP level 5. HP: 15/25 MP: 6/6
  4336 | D:4      | Noticed a lemure
  4337 | D:4      | Noticed a lemure
  4337 | D:4      | Noticed a lemure
  4338 | D:4      | Noticed Pikel
  4338 | D:4      | Noticed a lemure
  4423 | D:4      | Killed Pikel
  4424 | D:4      | Reached skill level 10 in Stealth
  4424 | D:4      | Reached XP level 6. HP: 30/30 MP: 7/7
  4424 | D:4      | Reached XP level 7. HP: 33/33 MP: 8/8
  5017 | D:4      | Noticed a wyvern
  5022 | D:4      | Killed a wyvern
  5023 | D:4      | Reached skill level 11 in Stealth
  5335 | D:4      | Found a radiant altar of Vehumet.
  5338 | D:4      | Found a blossoming altar of Fedhas.
  5404 | D:5      | Entered Level 5 of the Dungeon
  5719 | D:5      | Reached XP level 8. HP: 37/37 MP: 9/9
  5993 | D:5      | Reached skill level 12 in Stealth
  6444 | D:5      | Found a snail-covered altar of Cheibriados.
  6449 | D:5      | Found a basalt altar of Yredelemnul.
  7666 | D:6      | Found a staircase to the Ecumenical Temple.
  7675 | D:6      | Got Epriuseu's Reference Book on Freezing Combat Magic
  7745 | Temple   | Entered the Ecumenical Temple
  7901 | Temple   | Became a worshipper of Uskayaw the Reveller
  8021 | D:6      | Reached * piety under Uskayaw
  8040 | D:6      | Reached ** piety under Uskayaw
  8759 | D:6      | Reached skill level 13 in Stealth
  8778 | D:6      | Reached XP level 9. HP: 19/41 MP: 10/10
  9125 | D:7      | Reached skill level 10 in Short Blades
  9309 | D:7      | Reached *** piety under Uskayaw
  9329 | D:7      | Reached **** piety under Uskayaw
 10485 | D:7      | Noticed Maggie
 10488 | D:7      | Killed Maggie
 11037 | D:7      | Reached skill level 14 in Stealth
 11048 | D:7      | Reached ***** piety under Uskayaw
 11893 | D:7      | Found Emochinu's Magic Scroll Shop.
 12089 | D:7      | Found the +9 staff of Olgreb {rPois∞}
 12101 | D:7      | Found a runed translucent gate.
 12101 | D:7      | Found a runed translucent gate.
 12102 | D:7      | Found a runed translucent door.
 12113 | D:7      | Found a runed translucent gate.
 12123 | D:7      | Found a runed translucent door.
 12154 | D:7      | Noticed Duvessa
 12154 | D:7      | Noticed Dowan
 12157 | D:7      | Killed Duvessa
 12169 | D:7      | Slain by Dowan

Illustrated notes

Levels and vault maps discovered:
D:1:      dpeg_arrival_orchard, layout_basic,
          hellmonk_ecumenical_altar_watching_god
D:2:      layout_loops_ring, chequers_serial_rivers_micro_d, minmay_statues_item
D:3:      layout_basic, grunt_temple_overflow_open
D:4:      layout_basic, minitemple, kennysheep_mini, uniq_pikel
D:5:      layout_loops_ring, mainiacjoe_overflow_big_doors
D:6:      layout_basic, minmay_temple_entry_offerings, grunt_ministairs_10,
          minmay_misc_feat_more_columns
D:7:      layout_loops_ring, serial_shops, shop,
          minmay_guarded_unrand_staff_of_olgreb, uniq_maggie, uniq_duvessa
Temple:   regret_index_temple_generic_petals

Skill      XL: |  1  2  3  4  5  6  7  8  9 |
---------------+----------------------------+-----
Stealth        | 6 7 8 10 11 13 14 | 14.4
Short Blades   | 3 4 6 7 9 11 | 11.8
Fighting       | |  1.5
Throwing       | |  2.0
Dodging        | |  1.3
Evocations     | |  0.8

Action                   |  1- 3 |  4- 6 |  7- 9 || total
-------------------------+-------+-------+-------++-------
Melee: Dagger            |   126 |    49 |   333 ||   508
Throw: Dart              |    15 |     9 |     8 ||    32
Evoke: Wand              |       |     3 |    18 ||    21
  Use: Scroll            |     4 |       |     6 ||    10
       Potion            |     1 |     3 |     1 ||     5
 Stab: Sleeping          |    15 |     2 |    25 ||    42
       Distracted        |       |     2 |     1 ||     3
       Paralysed         |       |       |     6 ||     6
Armor: Robe              |    18 |       |    40 ||    58
Dodge: Dodged            |    74 |    34 |   182 ||   290

Table legend: (Time is in decaauts)
 A = Elapsed time spent in this place.
 B = Non-inter-level travel time spent in this place.
 C = Inter-level travel time spent in this place.
 D = Time resting spent in this place.
 E = Time spent auto-exploring this place.
 F = Levels seen in this place.
 G = Mean time per level.
                   A        B        C        D        E       F      G
               +--------+--------+--------+--------+--------+-----+--------+
         Total |  10034 |   9760 |    274 |   5693 |   2996 |   8 | 1254.2 |
       Dungeon |   9921 |   9661 |    260 |   5693 |   2904 |   7 | 1417.3 |
        Temple |    112 |     99 |     13 |      0 |     92 |   1 |  112.0 |
               +--------+--------+--------+--------+--------+-----+--------+

Top non-repeatable levels by time:
     D:6: 3652 daAuts
     D:2: 1339 daAuts
     D:4: 1230 daAuts
     D:5: 1118 daAuts
     D:7: 899 daAuts
     D:1: 857 daAuts
     D:3: 824 daAuts
  Temple: 112 daAuts
